 Dungeon Crawl Stone Soup version 0.32-a0-913-g739538afd8 (webtiles) character file.

Game seed: 2544135943952643189

15 PriceMaster the Sneak (level 2, -1/13 HPs)
             Began as a Spriggan Earth Elementalist on Apr 8, 2024.
             Slain by a ribbon worm (8 damage)
             ... on level 2 of the Dungeon.
             The game lasted 00:00:48 (719 turns).

PriceMaster the Sneak (Spriggan Earth Elementalist)  Turns: 719, Time: 00:00:49

Health: -1/13      AC:  2    Str:  4    XL:     2   Next: 34%
Magic:  5/7        EV: 16    Int: 16    God:
Gold:   16         SH:  0    Dex: 15    Spells: 6/7 levels left

rFire   . . .        i - +7 whip "Peoliem" {freeze, +Blink}
rCold   . . .        (no shield)
rNeg    . . .        a - +0 robe
rPois   .            (helmet restricted)
rElec   .            (no cloak)
rCorr   .            (gloves unavailable)
SInv    +            (boots unavailable)
Will    .....        (no amulet)
Stlth   ++           (no ring)
HPRegen 0.22/turn    (no ring)
MPRegen 0.10/turn

%: no passive effects
@: very quick
A: very small, no large weapons, unfitting armour, see invisible, speed 3
a: Evoke Blink


You were on level 2 of the Dungeon.
You visited 1 branch of the dungeon, and saw 2 of its levels.

You collected 16 gold pieces.

Inventory:

Hand Weapons
 c - a +0 whip
 i - the +7 whip "Peoliem" (weapon) {freeze, +Blink}
   (You found it on level 2 of the Dungeon)

   +Blink:    It lets you blink.
Armour
 a - a +0 robe (worn)
Scrolls
 e - 2 scrolls of revelation {unknown}
 g - a scroll of blinking {unknown}
 h - 3 scrolls of identify {unknown}
Potions
 b - a potion of magic
 d - a potion of heal wounds {unknown}
 f - a potion of cancellation {unknown}


   Skills:
 * Level 3.0 Dodging
 * Level 3.3 Stealth
 * Level 3.0 Spellcasting
 + Level 0.6 Conjurations
 * Level 3.0 Earth Magic


You had 6 spell levels left.
You knew the following spells:

 Your Spells              Type           Power      Damage    Failure   Level
a - Sandblast             Erth           24%        2d8       5%          1

Your spell library contained the following spells:

 Spells                   Type           Power      Damage    Failure   Level
 Passwall                 Erth           12%        N/A       16%         3
 Stone Arrow              Conj/Erth      16%        3d8       26%         3
 Brom's Barrelling Bould  Conj/Erth      8%         2d3       65%         4
 Petrify                  Alch/Erth      7%         N/A       69%         4


Dungeon Overview and Level Annotations

Branches:
Dungeon (2/15)

Altars:


Innate Abilities, Weirdness & Mutations

You are very small and have problems with some larger weapons.
You are too small for most types of armour.
You have supernaturally acute eyesight. (SInv)
You cover ground extremely quickly. (Speed+++)


Message History

Done exploring.
Done exploring.
Done exploring.
There is a stone staircase leading down here.
You climb downwards.
Found a polished whip, a beast talisman and 16 gold pieces.
There is a stone staircase leading up here.
There are monsters nearby!
There are monsters nearby!
The blast of sand hits the frilled lizard.
You kill the frilled lizard!
You miscast Sandblast.
You are very lightly contaminated with residual magic.
Nothing appears to happen.
The hobgoblin shouts!
You see here the +7 whip "Peoliem" {freeze, +Blink}.
i - the +7 whip "Peoliem" {freeze, +Blink} The +7 whip "Peoliem" {freeze, +Blink} glows with a cold blue light!
i - the +7 whip "Peoliem" (weapon)
{freeze, +Blink}
Okay, then.
You hit the ribbon worm. You freeze the ribbon worm.
The ribbon worm is lightly wounded.
The ribbon worm bites you. The hobgoblin closely misses you.
You hit the ribbon worm but do no damage.
The ribbon worm is lightly wounded.
The ribbon worm expels a string of sticky webbing.
The stream of webbing misses you. The hobgoblin completely misses you.
Your magical contamination has completely faded away.
The ribbon worm attacks as it pursues you!
The ribbon worm bites you.
Casting: Sandblast (safe; 5% risk of failure)
Confirm with . or Enter, or press ? or * to list all spells.
Aiming: Sandblast (safe; 5% risk of failure)
Press: ? - help, Shift-Dir - straight line, f/p - ribbon worm
Aim: a ribbon worm (catching its breath, 94% to hit)
The blast of sand hits the ribbon worm!
The ribbon worm is heavily wounded.
The ribbon worm bites you!
Ouch! That really hurt!
You die...

+#########
..$..%...#
.........#
.........#
......gw.#
.......@.+
.........###.#
.......<.....+
############.#


You could see a ribbon worm (catching breath) and a hobgoblin.

Vanquished Creatures
  4 endoplasms (D:1)
  A giant cockroach (D:1)
  A hobgoblin (D:1)
  2 kobolds (D:1)
  A quokka (D:1)
  A ball python (D:1)
  A bat (D:1)
  2 frilled lizards
  A rat (D:1)
14 creatures vanquished.

Notes
Turn   | Place    | Note
-------+----------+-------------------------------------------
     0 | D:1      | PriceMaster the Spriggan Earth Elementalist began the quest
                  | for the Orb.
     0 | D:1      | Reached XP level 1. HP: 9/9 MP: 5/5
   215 | D:1      | Reached XP level 2. HP: 13/13 MP: 2/6
   711 | D:2      | Identified the +7 whip "Peoliem" {freeze, +Blink}
   719 | D:2      | Slain by a ribbon worm

Illustrated notes

Levels and vault maps discovered:
D:1:      spicycebolla_green_bress_n_ham, layout_rooms, minivault_14
D:2:      layout_basic, serial_shops, nicolae_shop_scrapyard

Skill      XL: |  1  2 |
---------------+-------+-----
Dodging        | 3 |  3.0
Earth Magic    | 3 |  3.0
Spellcasting   | 3 |  3.0
Stealth        | |  3.3
Conjurations   | |  0.6

Action                     || total
---------------------------++-------
  Melee: Whip              ||     5
   Cast: Sandblast         ||    20
    Use: Scroll            ||     1
   Stab: Sleeping          ||     1
 Armour: Robe              ||     5
  Dodge: Dodged            ||     9

Table legend: (Time is in decaauts)
 A = Elapsed time spent in this place.
 B = Non-inter-level travel time spent in this place.
 C = Inter-level travel time spent in this place.
 D = Time resting spent in this place.
 E = Time spent auto-exploring this place.
 F = Levels seen in this place.
 G = Mean time per level.
                   A        B        C        D        E       F      G
               +--------+--------+--------+--------+--------+-----+--------+
         Total |    532 |    521 |     11 |      0 |    444 |   2 |  266.0 |
       Dungeon |    532 |    521 |     11 |      0 |    444 |   2 |  266.0 |
               +--------+--------+--------+--------+--------+-----+--------+

Top non-repeatable levels by time:
     D:1: 521 daAuts
     D:2: 11 daAuts
